 Dungeon Crawl Stone Soup version 0.20.0-4-g10b340a (webtiles) character file.

130 shinino the Chopper (level 5, -1/41 HPs)
             Began as a Formicid Fighter on May 27, 2017.
             Slain by an ogre
             ... wielding a cursed +0 giant club
              (17 damage)
             ... on level 3 of the Dungeon.
             The game lasted 00:04:34 (2286 turns).

shinino the Chopper (Formicid Fighter)              Turns: 2286, Time: 00:04:34

Health: -1/41      AC:  6    Str: 20    XL:     5   Next: 36%
Magic:  5/5        EV:  7    Int:  8    God:
Gold:   129        SH:  9    Dex: 11    Spells: 4/4 levels left

rFire    . . .     SeeInvis +   a - +0 war axe
rCold    . . .     Gourm    .   c - +0 shield
rNeg     . . .     Faith    .   b - +0 scale mail
rPois    .         Spirit   .   (helmet unavailable)
rElec    .         Reflect  .   (no cloak)
rCorr    .         Harm     .   (no gloves)
MR       .....                  (no boots)
Stlth    ..........             (no amulet)
Regen    0.2/turn               (no ring)
MPRegen  0.1/turn               (no ring)

@: no status effects
A: permanent stasis, dig shafts and tunnels, four strong arms, antennae 3
a: Dig, Shaft Self


You were on level 3 of the Dungeon.
You were near starving.

You visited 1 branch of the dungeon, and saw 3 of its levels.

You collected 129 gold pieces.

Inventory:

Hand Weapons
 a - a +0 war axe (weapon)
Armour
 b - a +0 scale mail (worn)
 c - a +0 shield (worn)
Scrolls
 g - 2 scrolls of immolation
 j - 2 scrolls of remove curse
 m - a scroll of magic mapping {unknown}
 o - a scroll of fear {unknown}
Potions
 d - a potion of might
 h - a potion of heal wounds {unknown}
 k - a potion of lignification {unknown}
 l - 2 potions of curing
 n - a potion of cancellation {unknown}
 p - 2 potions of mutation
Comestibles
 f - a bread ration


   Skills:
 - Level 3.2 Fighting
 + Level 5.1 Axes
 - Level 3.2 Armour
 - Level 3.6 Shields


You had 4 spell levels left.
You didn't know any spells.

Dungeon Overview and Level Annotations

Branches:
Dungeon (3/15)

Altars:
Fedhas
Yredelemnul


Innate Abilities, Weirdness & Mutations

You cannot be hasted, slowed, berserked, paralysed or teleported.
You can dig through walls and to a lower floor.
Your four strong arms can wield two-handed weapons with a shield.
You have a pair of large antennae on your head. (SInv)


Message History

The hobgoblin hits you but does no damage.
The hobgoblin moves out of view.
The ogre hits you with a giant club!
The hobgoblin hits you but does no damage.
You block the ogre's attack.
You hit the ogre but do no damage. The ogre hits you with a giant club!
You are near starving!
You see here 2 tomahawks.
Things that are here:
a morningstar; an orc skeleton
Things that are here:
a flail; an orc skeleton
There is a stone staircase leading up here.
You barely miss the ogre. You block the ogre's attack.
You barely miss the ogre. The ogre barely misses you.
You barely miss the ogre. The ogre barely misses you.
You closely miss the ogre. The ogre barely misses you.
You slash the ogre!
The ogre is moderately wounded.
The ogre hits you with a giant club!
You die...

#..###..#...#
#..[(.....#
#.###(#...# #.#
#.###g## #.#
#..##..## #.#
##g###.g## # #.# #g#
##..#######.# #.#
##O#####.........#
##### #.#
#.@...##......####
.......#.#
#.)...##.####....##
.......#.###.....##.#
###....
.......#.........##.#
#....
..........###########
##### .......#.#...##
{ #....
.......#.#..#.# {
#.#...
.........#.#..#{
#..#..
.........##...#.
#g..#.


You could see an ogre and 2 hobgoblins.

Vanquished Creatures
  An orc priest (D:3)
  Terence (D:2)
  3 adders
  3 leopard geckos
  5 orcs
  A ball python (D:1)
  A giant cockroach (D:2)
  5 goblins
  7 hobgoblins
  9 kobolds
  A quokka (D:2)
  A frilled lizard (D:2)
  3 rats
41 creatures vanquished.

Notes
Turn   | Place    | Note
-------+----------+-------------------------------------------
     0 | D:1      | shinino the Formicid Fighter began the quest for the Orb.
     0 | D:1      | Reached XP level 1. HP: 18/18 MP: 1/1
     1 | D:1      | Noticed an electric eel
   264 | D:1      | Reached XP level 2. HP: 20/24 MP: 2/2
   422 | D:1      | Reached skill level 3 in Axes
  1001 | D:2      | Found a basalt altar of Yredelemnul.
  1006 | D:2      | Reached XP level 3. HP: 29/29 MP: 3/3
  1060 | D:2      | Noticed Terence
  1063 | D:2      | Killed Terence
  1063 | D:2      | Reached skill level 4 in Axes
  1063 | D:2      | Reached XP level 4. HP: 35/35 MP: 4/4
  1092 | D:2      | Found a blossoming altar of Fedhas.
  1945 | D:3      | Reached skill level 5 in Axes
  1945 | D:3      | Reached XP level 5. HP: 8/41 MP: 5/5
  2248 | D:3      | Noticed an ogre
  2286 | D:3      | Slain by an ogre

Skill      XL: |  1  2  3  4 |
---------------+-------------+-----
Axes           | 3 4 5 |  5.1
Fighting       | |  3.2
Armour         | |  3.2
Shields        | |  3.6

Action                   |  1- 3 |  4- 6 || total
-------------------------+-------+-------++-------
Melee: War axe           |    78 |    85 ||   163
  Use: Scroll            |       |     4 ||     4
  Eat: Chunk             |     1 |     2 ||     3
Armor: Scale mail        |    29 |    33 ||    62
Dodge: Dodged            |    19 |    28 ||    47
Block: Shield            |    37 |    42 ||    79
